 Dungeon Crawl Stone Soup version 0.31-a0-968-g24f9ace8b5 (webtiles) character file.

Game seed: 9242986351762472107

65398 Dirtsage the Martial Artist (level 15, -1/105 HPs)
             Began as an Octopode Shapeshifter on Oct 27, 2023.
             Was the Champion of Wu Jian.
             Slain by a hellwing (3 damage)
             ... summoned by an orc high priest
             ... on level 2 of the Orcish Mines.
             The game lasted 01:09:19 (15602 turns).

Dirtsage the Martial Artist (OpSh)                 Turns: 15602, Time: 01:09:19

Health: -1/105     AC:  9    Str: 19    XL:     15   Next: 16%
Magic:  12/21      EV: 22    Int: 20    God:    Wu Jian [******]
Gold:   2177       SH:  0    Dex: 18    Spells: 16/23 levels left

rFire   . .          .
                       - Unarmed
rCold   + . .        (no shield)
rNeg    . . .        Q - +0 hat
rPois   .            x - amulet of regeneration
rElec   .            W - ring of wizardry
rCorr   .            s - +5 ring of evasion
SInv    +            X - +6 ring of strength
Will    +....        I - ring of protection from cold
Stlth   +++          D - +4 ring of protection
HPRegen 1.17/turn    G - +6 ring of intelligence
MPRegen 0.17/turn    S - ring of see invisible
                     V - +4 ring of protection

%: wizardry (x1)
@: maw-form, wereblooded (expiring)
A: devouring maw, almost no armour, amphibious, 8 rings, camouflage 1,
gelatinous body 1, (nimble swimmer 1), tentacles
a: Begin Untransformation, Renounce Religion, Wall Jump, Serpent's Lash,
Heavenly Storm


You were on level 2 of the Orcish Mines.
You worshipped Wu Jian.
Wu Jian was exalted by your worship.
You were a creature with a mouth for a stomach.
You visited 4 branches of the dungeon, and saw 19 of its levels.
You also visited: Gauntlet.

You collected 2177 gold pieces.

Inventory:

Missiles
 o - 6 curare-tipped darts
 H - 3 throwing nets
Armour
 P - a +0 kite shield
 Q - a +0 hat (worn)
Jewellery
 b - a ring of flight
 s - a +5 ring of evasion (right tentacle)
 x - an amulet of regeneration (around mantle)
 D - a +4 ring of protection (on tentacle)
 F - an amulet of faith
 G - a +6 ring of intelligence (on tentacle)
 I - a ring of protection from cold (on tentacle)
 J - a ring of fire
 M - an amulet of guardian spirit
 O - an amulet of magic regeneration
 S - a ring of see invisible (on tentacle)
 V - a +4 ring of protection (on tentacle)
 W - a ring of wizardry (left tentacle)
 X - a +6 ring of strength (on tentacle)
Talismans
 a - a maw talisman (active)
 K - a blade talisman
Wands
 d - a wand of polymorph (4)
 v - a wand of iceblast (13)
 w - a wand of flame (25)
 A - a wand of mindburst (13)
 E - a wand of light (21)
Scrolls
 c - a scroll of poison
 e - 4 scrolls of fog
 f - 6 scrolls of noise
 g - 4 scrolls of fear
 i - a scroll of identify
 j - 3 scrolls of immolation
 k - 2 scrolls of brand weapon
 m - 2 scrolls of butterflies
 p - 4 scrolls of enchant armour
 t - 4 scrolls of teleportation
 u - 4 scrolls of enchant weapon
 y - 2 scrolls of amnesia
 B - a scroll of blinking
Potions
 h - 3 potions of haste
 n - a potion of resistance
 q - 2 potions of curing
 r - a potion of cancellation
 z - 2 potions of berserk rage
 C - 2 potions of brilliance
 N - 3 potions of mutation
 R - a potion of magic
 T - 2 potions of enlightenment
 Y - a potion of lignification
 Z - a potion of attraction


   Skills:
 + Level 10.5 Fighting
 + Level 6.8 Dodging
 + Level 4.8 Shields
 * Level 14.7 Unarmed Combat
 + Level 4.6 Spellcasting
 - Level 7.0 Hexes
 - Level 7.0 Transmutations
 * Level 13.5 Shapeshifting


You had 16 spell levels left.
You knew the following spells:

 Your Spells              Type           Power      Damage    Failure   Level
a - Tukima's Dance        Hex            32%        N/A       1%          3
b - Wereblood             Tmut           32%        N/A       1%          2
c - Jinxbite              Hex            64%        N/A       1%          2

Your spell library contained the following spells:

 Spells                   Type           Power      Damage    Failure   Level
 Ensorcelled Hibernation  Hex/Ice        36%        N/A       1%          2
 Passwall                 Tmut/Erth      15%        N/A       1%          2
 Inner Flame              Hex/Fire       18%        N/A       3%          3
 Apportation              Tloc           8%         N/A       4%          1
 Shock                    Conj/Air       16%        1d4       4%          1
 Lesser Beckoning         Tloc           8%         N/A       8%          2
 Yara's Violent Unravell  Hex/Tmut       16%        3d8       8%          5
 Gell's Gravitas          Tloc           4%         N/A       16%         3
 Swiftness                Air            4%         N/A       16%         3
 Teleport Other           Tloc           4%         N/A       16%         3
 Alistair's Intoxication  Tmut/Pois      12%        N/A       32%         5
 Irradiate                Conj/Tmut      9%         3d14      32%         5
 Airstrike                Air            2%         2d(1-17)  43%         4
 Flame Wave               Conj/Fire      4%         2d5       43%         4
 Passage of Golubria      Tloc           4%         N/A       43%         4
 Sticky Flame             Conj/Fire      4%         2d3       43%         4
 Summon Ice Beast         Ice/Summ       4%         N/A       43%         4
 Summon Lightning Spire   Summ/Air       4%         N/A       43%         4
 Malign Gateway           Summ/Tloc      2%         N/A       100%        7
 Animate Armour           Summ/Erth      Unusable   N/A       N/A         4

Dungeon Overview and Level Annotations

Branches:
Dungeon (11/15)            Temple (1/1) D:4            Lair (5/5) D:9
  Swamp (0/4) Lair:2        Snake (0/4) Lair:2        Slime (0/5) Lair:5
    Orc (2/2) D:10        Gauntlet (visited)
    Elf: Orc:2

Altars:
Ashenzari
Cheibriados
Dithmenos
Elyvilon
Fedhas
Gozag
Hepliaklqana
Kikubaaqudgha
Makhleb
Nemelex Xobeh
Okawaru
Qazlal
Ru
Sif Muna
Trog
Uskayaw
Vehumet
Wu Jian
Xom
Yredelemnul
Zin
The Shining One
Jiyva
Lugonu

Shops:
Orc:1 =

Portals:
Abyss: Lair:5

Annotations:
D:4 1 runed translucent door, zero's ghost, amateur DEEE
D:9 3 runed translucent doors, Dirtsage's ghost, novice OpSh
Lair:5 1 runed translucent door, Nico3ck's ghost, journeyman FoFi


Innate Abilities, Weirdness & Mutations

You are a creature with a mouth for a stomach.
Your midsection houses a second, enormous mouth.
You cannot wear most types of armour.
You are amphibious.
You can wear up to eight rings at the same time.
Your skin changes colour to match your surroundings (Stealth+).
Your rubbery body absorbs attacks. (AC +1, EV +1)
((You are camouflaged when in or above water. (Stealth+)))
You have tentacles for arms and can constrict up to eight enemies at once.


Message History

The orc high priest no longer looks unusually strong.
The orc high priest calls upon Beogh to heal the orc knight.
The orc knight is healed somewhat.
The orc high priest prays to Beogh.
The orc priest calls down the wrath of Beogh upon you.
Beogh smites you!
The orc priest invokes the aid of Beogh against you.
Beogh smites you!
* * * LOW HITPOINT WARNING * * *
You take 24 damage, and have 25/105 hp.
MASSIVE DAMAGE!!
You bludgeon the orc knight! You grab the orc knight.
You squeeze the orc knight. You bite the orc knight!
The orc knight is almost dead.
Your primal bloodlust is almost over.
You constrict the orc knight, but do no damage.
The soul eater disappears in a puff of smoke!
The orc warrior no longer looks unusually strong.
The orc high priest calls down the wrath of Beogh upon you.
Beogh smites you!
* * * LOW HITPOINT WARNING * * *
You take 13 damage, and have 12/105 hp.
You bludgeon the orc knight!
You feel a bit better.
You kill the orc knight!
The Council accepts your kill.
You shout twice as the wereblood boils in your veins!
The hellwing barely misses you. The hellwing closely misses you.
The orc priest calls down the wrath of Beogh upon you.
Beogh smites you!
* * * LOW HITPOINT WARNING * * *
The orc high priest mumbles some strange prayers to Beogh.
You take 11 damage, and have 1/105 hp.
You bludgeon the orc high priest! You grab the orc high priest.
Your squeeze misses the orc high priest.
The orc high priest is moderately wounded.
You constrict the orc high priest.
You hear a shout!
The orc warrior no longer looks unusually strong.
The orc priest looks braver for a moment.
The orc high priest escapes!
The hellwing hits you.
You die...

.......)....##.......
#....#...#....##.......
#......o)).o..##....#..
....#...#....##.......
#...........###...#...
#...#...#...# #.......
#.........## #.......
#..#...#..# #.......
##.oW44..## #.......
###[#o### #.......
#3oo)4# ##..<...
##o#o## #.#.....
#.3oo)..# #.......
#..#oo.#..# #.......
#....o....# #.......
#...#...#...# #.......
#...........# #......#


You could see 2 orc knights, 2 orc high priests, a hellwing (summoned), a rust
devil (summoned), a sixfirhy (summoned), a neqoxec (summoned), a red devil
(summoned), 5 orc warriors, 3 orc priests and an orc.

Vanquished Creatures
  An orc warlord (Orc:1)
  An eleionoma (Lair:2)
  A minotaur (Gauntlet)
  A hydra (Lair:5)
  2 catoblepae
  A two-headed ogre (D:8)
  Erica (D:8)
  4 orc high priests
  2 thrashing horrors (Lair:5)
  A deep elf knight (Orc:1)
  Nergalle (D:11)
  A skyshark (Lair:3)
  Lodul (D:11)
  A deep elf zephyrmancer (Orc:1)
  4 ugly things (Lair:5)
  4 lindwurms (Lair:3)
  4 orc knights
  A deep elf pyromancer (Orc:1)
  3 orc sorcerers
  Maurice (D:10)
  5 black mambas
  25 elephants
  An ice statue (Lair:4)
  A smoke demon (Lair:5)
  11 cane toads
  An unseen horror (D:10)
  Jeremiah (D:7)
  A hellion (Gauntlet)
  2 kobold demonologists (D:10)
  2 rime drakes (Lair:5)
  8 komodo dragons
  A freezing wraith (Lair:4)
  A red devil (Gauntlet)
  2 trolls (Orc:1)
  A hornet (Lair:2)
  3 polar bears
  25 blink frogs
  2 raiju (Lair:5)
  Sigmund (D:6)
  A spriggan (Lair:5)
  6 wyverns
  A spriggan (shapeshifter) (Lair:5)
  32 yaks
  2 wraiths
  2 ynoxinuls (Lair:5)
  A chaos spawn (Lair:5)
  A redback (shapeshifter) (Lair:5)
  7 basilisks
  A steam dragon (D:7)
  8 wargs
  Menkaure (D:4)
  2 nagas (Lair:2)
  8 small abominations (Lair:5)
  An acid dragon (D:8)
  9 water moccasins
  2 hell hounds (Gauntlet)
  28 orc warriors
  6 ice beasts
  2 black bears
  5 wolves (Lair:2)
  15 ogres
  A centaur (D:9)
  3 kobold brigands
  14 bullfrogs
  Blork the orc (D:6)
  A water moccasin zombie (D:6)
  2 gnoll sergeants
  2 scorpions
  11 wights
  17 killer bees
  4 howler monkeys
  A lava snake (D:9)
  3 centaur zombies (D:6)
  2 bullfrog zombies (D:6)
  3 hounds
  A jelly (D:5)
  A sleepcap (D:6)
  18 orc priests
  3 iguanas
  19 orc wizards
  7 hell rats (Lair:5)
  A killer bee zombie (D:6)
  A howler monkey zombie (D:6)
  7 gnolls (D:2)
  6 adders
  A shadow imp (D:5)
  18 white imps
  A dart slug (D:5)
  65 orcs
  5 endoplasms
  2 giant cockroaches
  2 goblins
  3 hobgoblins
  6 jackals
  9 kobolds
  A quokka (D:2)
  5 ball pythons
  4 bats
  3 frilled lizards (D:2)
  2 rats
527 creatures vanquished.

Vanquished Creatures (collateral kills)
  2 two-headed ogres
  A deep elf zephyrmancer (Orc:1)
3 creatures vanquished.

Vanquished Creatures (others)
  7 dancing weapons
7 creatures vanquished.

Grand Total: 537 creatures vanquished

Notes
Turn   | Place    | Note
-------+----------+-------------------------------------------
     0 | D:1      | Dirtsage the Octopode Shapeshifter began the quest for the
                  | Orb.
     0 | D:1      | Reached XP level 1. HP: 13/13 MP: 1/1
    52 | D:1      | Got the Compilation of Wintry Adjuration
   222 | D:1      | Reached XP level 2. HP: 18/18 MP: 2/2
   439 | D:1      | Found a faded altar of an unknown god.
   924 | D:2      | Reached XP level 3. HP: 23/23 MP: 3/3
  1296 | D:3      | Reached XP level 4. HP: 25/29 MP: 2/4
  1550 | D:3      | Found a hazy altar of Hepliaklqana.
  1801 | D:2      | Reached skill level 4 in Unarmed Combat
  1878 | D:2      | Learned a level 3 spell: Tukima's Dance
  2013 | D:2      | Reached XP level 5. HP: 34/34 MP: 5/5
  2213 | D:4      | Noticed Menkaure
  2220 | D:4      | Killed Menkaure
  2221 | D:4      | Reached skill level 1 in Hexes
  2221 | D:4      | Reached XP level 6. HP: 41/41 MP: 6/6
  2698 | D:4      | Reached skill level 5 in Unarmed Combat
  2872 | D:4      | Found a runed translucent door.
  2921 | D:4      | Found a staircase to the Ecumenical Temple.
  2930 | Temple   | Entered the Ecumenical Temple
  2944 | Temple   | Became a worshipper of the Wu Jian Council
  3124 | D:4      | Noticed zero's ghost (amateur DEEE)
  3187 | D:5      | Entered Level 5 of the Dungeon
  3211 | D:5      | Reached XP level 7. HP: 45/45 MP: 7/7
  3351 | D:5      | Reached skill level 5 in Shapeshifting
  3456 | D:5      | Learned a level 2 spell: Wereblood
  3892 | D:6      | Reached skill level 1 in Transmutations
  3895 | D:6      | Reached XP level 8. HP: 48/52 MP: 3/8
  3901 | D:6      | Reached * piety under Wu Jian
  3912 | D:6      | Reached skill level 6 in Unarmed Combat
  4057 | D:6      | Noticed Sigmund
  4062 | D:6      | Noticed Blork the orc
  4066 | D:6      | Killed Sigmund
  4077 | D:6      | Killed Blork the orc
  4320 | D:6      | Found a glowing golden altar of the Shining One.
  4640 | D:6      | Learned a level 2 spell: Jinxbite
  4864 | D:7      | Reached skill level 7 in Unarmed Combat
  4864 | D:7      | Reached XP level 9. HP: 30/59 MP: 7/9
  5267 | D:7      | Reached ** piety under Wu Jian
  5330 | D:7      | Found the +7 Kryia's mail coat {PotionHeal*2 rC+}
  5538 | D:7      | Noticed Jeremiah
  5698 | D:7      | Killed Jeremiah
  5699 | D:7      | Reached skill level 5 in Fighting
  5780 | D:8      | Reached skill level 8 in Unarmed Combat
  5869 | D:8      | Noticed a two-headed ogre
  5899 | D:8      | Killed a two-headed ogre
  5900 | D:8      | Reached skill level 5 in Hexes
  5900 | D:8      | Reached XP level 10. HP: 52/66 MP: 1/10
  5999 | D:8      | Noticed Erica
  6011 | D:8      | Killed Erica
  6653 | D:9      | Found a broken altar of Ashenzari.
  6678 | D:9      | Reached skill level 9 in Unarmed Combat
  6801 | D:9      | Reached *** piety under Wu Jian
  6885 | D:9      | Found a runed translucent gate.
  6886 | D:9      | Found a runed translucent gate.
  6887 | D:9      | Found a runed translucent gate.
  6888 | D:9      | Noticed a two-headed ogre
  6889 | D:9      | Noticed Dirtsage's ghost (novice OpSh)
  6898 | D:9      | Noticed a centaur warrior
  6974 | D:9      | Noticed a two-headed ogre
  6975 | D:9      | Noticed a centaur warrior
  7076 | D:9      | Reached skill level 5 in Transmutations
  7114 | D:9      | Reached XP level 11. HP: 48/74 MP: 6/11
  7154 | D:9      | Found a staircase to the Lair.
  7535 | D:9      | Noticed a two-headed ogre
  7541 | D:9      | Killed a two-headed ogre
  7762 | D:10     | Entered Level 10 of the Dungeon
  7762 | D:10     | Noticed Maurice
  7766 | D:10     | Maurice stole a ring of fire
  7768 | D:10     | Killed Maurice
  7852 | D:10     | Reached skill level 10 in Unarmed Combat
  7881 | D:10     | Noticed a two-headed ogre
  8057 | D:10     | Killed a two-headed ogre
  8194 | D:10     | Reached **** piety under Wu Jian
  8226 | D:10     | Found a staircase to the Orcish Mines.
  8686 | D:11     | Noticed Nergalle
  8698 | D:11     | Killed Nergalle
  8720 | D:11     | Noticed Lodul
  8760 | D:11     | Killed Lodul
  8973 | Lair:1   | Entered Level 1 of the Lair of Beasts
  8986 | Lair:1   | Reached skill level 10 in Shapeshifting
  8986 | Lair:1   | Reached XP level 12. HP: 79/81 MP: 8/12
  8993 | Lair:1   | Reached skill level 11 in Unarmed Combat
  9113 | Lair:1   | Identified the +5 ring mail of Day {rC+}
  9119 | Lair:1   | Found a gate leading to a gauntlet.
  9131 | Gauntlet | Entered a Gauntlet
  9131 | Gauntlet | Found a transporter.
  9131 | Gauntlet | Found a transporter.
  9142 | Gauntlet | Found a transporter.
  9152 | Gauntlet | Found a transporter.
  9154 | Gauntlet | Found a large runed translucent door.
  9155 | Gauntlet | Found a large runed translucent door.
  9156 | Gauntlet | Found a large runed translucent door.
  9156 | Gauntlet | Found a large runed translucent door.
  9156 | Gauntlet | Found a runed translucent door.
  9157 | Gauntlet | Found a large runed translucent door.
  9169 | Gauntlet | Found a transporter.
  9170 | Gauntlet | Noticed a soul eater
  9183 | Gauntlet | Found a transporter.
  9185 | Gauntlet | Found a large runed translucent door.
  9186 | Gauntlet | Found a large runed translucent door.
  9188 | Gauntlet | Found a runed translucent gate.
  9199 | Gauntlet | Noticed a hell beast
  9204 | Gauntlet | Found a transporter.
  9280 | Gauntlet | Found a transporter.
  9294 | Gauntlet | Found a transporter.
  9312 | Gauntlet | Found a transporter.
  9341 | Gauntlet | Found a transporter.
  9361 | Gauntlet | Found a transporter.
  9405 | Gauntlet | Noticed a catoblepas
  9434 | Gauntlet | Found a transporter.
  9434 | Gauntlet | Found a transporter.
  9436 | Gauntlet | Found a large runed translucent door.
  9437 | Gauntlet | Found a large runed translucent door.
  9438 | Gauntlet | Found a large runed translucent door.
  9438 | Gauntlet | Found a large runed translucent door.
  9438 | Gauntlet | Found a runed translucent door.
  9439 | Gauntlet | Found a large runed translucent door.
  9440 | Gauntlet | Found a large runed translucent door.
  9440 | Gauntlet | Found a large runed translucent door.
  9441 | Gauntlet | Found a large runed translucent door.
  9441 | Gauntlet | Found a large runed translucent door.
  9442 | Gauntlet | Found a runed translucent gate.
  9442 | Gauntlet | Found a runed translucent gate.
  9444 | Gauntlet | Found a transporter.
  9447 | Gauntlet | Found a transporter.
  9629 | Gauntlet | Noticed a minotaur
  9638 | Gauntlet | Killed a minotaur
  9674 | Gauntlet | Identified the +0 robe of Nano Wiavi {Str+3 Int+4}
 10403 | Lair:2   | Reached skill level 12 in Unarmed Combat
 10433 | Lair:2   | You are sucked into a shaft and drop 2 floors!
 10451 | Lair:4   | Reached ***** piety under Wu Jian
 10821 | Lair:3   | Noticed a skyshark
 10831 | Lair:3   | Killed a skyshark
 10879 | Lair:3   | Reached XP level 13. HP: 85/89 MP: 9/13
 11171 | Lair:2   | Found a staircase to the Swamp.
 11171 | Lair:2   | Noticed an eleionoma
 11208 | Lair:2   | Killed an eleionoma
 11299 | Lair:2   | Identified the +5 sling of Mufo {heavy, Fragile rElec Will-
                  | Stlth+}
 11487 | Lair:2   | Found a staircase to the Snake Pit.
 12114 | Lair:3   | Reached skill level 1 in Spellcasting
 12270 | Lair:3   | Reached skill level 13 in Unarmed Combat
 13043 | Lair:4   | Reached skill level 1 in Shields
 13495 | Lair:5   | Entered Level 5 of the Lair of Beasts
 13625 | Lair:5   | Reached skill level 5 in Dodging
 13639 | Lair:5   | Reached XP level 14. HP: 97/97 MP: 17/17
 13666 | Lair:5   | Found a runed translucent door.
 13743 | Lair:5   | Found a shimmering altar of Xom.
 13743 | Lair:5   | Noticed Nico3ck's ghost (journeyman FoFi)
 13743 | Lair:5   | Identified the +5 rapier of Peril {chaos, Will+ Dex+4}
 14053 | Lair:5   | Reached skill level 14 in Unarmed Combat
 14091 | Lair:5   | Reached ****** piety under Wu Jian
 14139 | Lair:5   | Reached skill level 10 in Fighting
 14174 | Lair:5   | Found a corrupted altar of Lugonu.
 14174 | Lair:5   | Found a one-way gate to the infinite horrors of the Abyss.
 14184 | Lair:5   | Found the +7 great mace "Undeadhunter" {deathbane, rN+}
 14532 | Lair:5   | Found a viscous altar of Jiyva.
 14534 | Lair:5   | Found a staircase to the Slime Pits.
 14881 | Orc:1    | Entered Level 1 of the Orcish Mines
 15041 | Orc:1    | Noticed an orc warlord
 15061 | Orc:1    | Killed an orc warlord
 15221 | Orc:2    | Entered Level 2 of the Orcish Mines
 15235 | Orc:1    | Found Xyaxi's Jewellery Emporium.
 15399 | Orc:2    | Reached XP level 15. HP: 104/104 MP: 21/21
 15539 | Orc:2    | HP: 2/105 [orc warrior/+0 glaive (12)]
 15601 | Orc:2    | HP: 1/105 [orc priest/divine providence (15)]
 15602 | Orc:2    | Slain by a hellwing

Illustrated notes

Levels and vault maps discovered:
D:1:      grunt_arrival_crossed_arrows, layout_loops_ring,
          dilly_ecumenical_altar_fadedgnrine, chequers_serial_rivers_room_a
D:2:      layout_loops_cross, grunt_decor_cap
D:3:      layout_basic, amcnicky_altar_gilded
D:4:      layout_basic, minmay_temple_entry_drinking_statues,
          gammafunk_ghost_grave, uniq_menkaure
D:5:      layout_basic
D:6:      layout_basic, tso_metal_star, serial_undead, serial_undead_b,
          serial_undead_a, serial_undead_e, serial_undead_a, uniq_blork_the_orc,
          uniq_sigmund
D:7:      layout_basic, minivault_24, uniq_jeremiah
D:8:      layout_cave_pools, uniq_erica
D:9:      layout_roguey, kennysheep_little_box, erik_lair_orcish_takeover,
          gammafunk_ghost_split, kennysheep_opposing_triangles
D:10:     layout_basic, david_orc_3, uniq_maurice
D:11:     layout_roguey [special_room_orc], uniq_nergalle, uniq_lodul,
          uniq_erolcha
Temple:   nicolae_temple_bog_church
Lair:1:   layout_chaotic_city, portal_ice_cave_entry_imps,
          gauntlet_entry_generic
Lair:2:   layout_concentric_octagons, alex1729_swamp_entry_worm_eleionoma,
          guppyfry_snake_entry_garden, serial_bayou_shore_b, lemuel_fruit_tree,
          serial_bayou_shore_b
Lair:3:   layout_cave_pods, nicolae_lair_lindhole
Lair:4:   layout_regular_city, ice2_lemuel, serial_bayou_shore_b
Lair:5:   hellmonk_lair_end_abyssal_woods, layout_hall_layers, slime_entry_1,
          ebering_ghost_xom, serial_bayou_shore_b, grunt_megastairs_2
Orc:1:    layout_caves, serial_shops, nicolae_square_shop, elf_legates,
          uniq_sonja
Orc:2:    st_orc_pillars, layout_caves

Skill      XL: |  1  2  3  4  5  6  7  8  9 10 11 12 13 14 |
---------------+-------------------------------------------+-----
Fighting       | 2 3 4 5 6 7 8 9 10 | 10.5
Unarmed Combat | 4 5 7 8 9 10 12 13 14 | 14.7
Hexes          | 1 2 3 5 6 7 |  7.0
Shapeshifting  | 4 5 6 7 8 10 11 12 13 | 13.5
Transmutations | 1 2 4 5 6 7 |  7.0
Dodging        | 3 5 6 |  6.8
Spellcasting   | 2 4 |  4.6
Shields        | 2 4 |  4.8

Action                     |  1- 3 |  4- 6 |  7- 9 | 10-12 | 13-15 || total
---------------------------+-------+-------+-------+-------+-------++-------
  Melee: Unarmed           |    63 |    56 |   211 |   530 |   725 ||  1585
         Constrict         |    13 |    12 |    46 |    76 |   112 ||   259
         Tentacles         |    15 |    10 |    43 |   156 |   200 ||   424
         Punch             |     2 |     3 |    10 |    41 |    83 ||   139
         Maw               |       |       |       |   144 |   287 ||   431
  Throw: Dart              |       |       |     1 |     2 |     1 ||     4
   Cast: Tukima's Dance    |       |     2 |    14 |    25 |    12 ||    53
         Wereblood         |       |       |     5 |    16 |    18 ||    39
         Jinxbite          |       |       |     5 |    15 |    13 ||    33
 Invoke: Serpent's Lash    |       |       |       |     1 |     1 ||     2
Ability: Lunge             |       |     2 |    23 |    42 |    67 ||   134
         Whirlwind         |       |       |     7 |   124 |   249 ||   380
  Evoke: Wand              |       |       |       |     5 |       ||     5
    Use: Potion            |       |     2 |     1 |     4 |     3 ||    10
         Scroll            |       |       |    12 |     9 |     6 ||    27
   Stab: Sleeping          |     7 |     5 |     5 |     5 |     3 ||    25
         Petrified         |       |       |       |       |     2 ||     2
 Armour: Skin              |    18 |    23 |    87 |   162 |   267 ||   557
  Dodge: Dodged            |    27 |    35 |   137 |   276 |   426 ||   901
   Form: Maw               |       |       |       |     1 |       ||     1

Table legend: (Time is in decaauts)
 A = Elapsed time spent in this place.
 B = Non-inter-level travel time spent in this place.
 C = Inter-level travel time spent in this place.
 D = Time resting spent in this place.
 E = Time spent auto-exploring this place.
 F = Levels seen in this place.
 G = Mean time per level.
                   A        B        C        D        E       F      G
               +--------+--------+--------+--------+--------+-----+--------+
         Total |  15438 |  14785 |    653 |    976 |  10525 |  20 |  771.9 |
       Dungeon |   8948 |   8556 |    392 |    789 |   6281 |  11 |  813.5 |
        Temple |     28 |      2 |     26 |      0 |      0 |   1 |   28.0 |
          Lair |   5173 |   4970 |    203 |    129 |   3724 |   5 | 1034.6 |
  Orcish Mines |    703 |    673 |     30 |     24 |    410 |   2 |  351.5 |
      Gauntlet |    585 |    585 |      0 |     33 |    110 |   1 |  585.0 |
               +--------+--------+--------+--------+--------+-----+--------+

Top non-repeatable levels by time:
     D:9: 1234 daAuts
  Lair:5: 1229 daAuts
  Lair:3: 1175 daAuts
     D:6: 1104 daAuts
  Lair:2: 1024 daAuts
    D:10: 960 daAuts
  Lair:4: 951 daAuts
     D:4: 942 daAuts
     D:2: 884 daAuts
     D:8: 868 daAuts
     D:7: 801 daAuts
  Lair:1: 792 daAuts
     D:1: 740 daAuts
     D:5: 638 daAuts
Gauntlet: 585 daAuts
